[Event "Late-Titled-Tuesday-Blitz-February-13-2024"]
[Site "Chess.com"]
[Date "2024.02.13"]
[Round "6"]
[White "manitodeplomo"]
[Black "kibromNNN"]
[Result "1-0"]
[WhiteElo "2640"]
[BlackElo "1817"]
[TimeControl "180+1"]
[EndTime "15:04:06 PST"]
[Termination "manitodeplomo won by resignation"]

1. d4 Nf6 2. c4 e6 3. Nf3 d5 4.
Nc3 dxc4 5. e3 a6 6. Bxc4 b5 7. Bb3 Bb7 8. O-O Nbd7 9. Re1 Be7 10. e4 b4 11. e5 bxc3 12. exf6 Bxf6 13. bxc3 O-O 14. Ba3 Re8 15. Ba4 Be7 16. Ne5 Bxa3 17. Bxd7 Re7 18. Bc6 Rb8 19. Bxb7 Rxb7 20. Nc6 Qe8 21.
Nxe7+ Bxe7 22. Rb1 Rb6 23. Qe2 Qd7 24. Rxb6 cxb6 25.
Qxa6 1-0

[Event "Late-Titled-Tuesday-Blitz-February-13-2024"]
[Site "Chess.com"]
[Date "2024.02.13"]
[Round "6"]
[White "Chempiblinka"]
[Black "Bryanl106"]
[Result "0-1"]
[WhiteElo "2351"]
[BlackElo "2526"]
[TimeControl "180+1"]
[EndTime "15:04:07 PST"]
[Termination "Bryanl106 won by resignation"]

1. Nf3 Nf6 2. c4 g6 3. g3 Bg7 4. Bg2 O-O 5. O-O d6 6. d4 Nc6 7. Nc3 Bg4 8. d5 Na5 9. Nd2 c5 10. h3 Bd7 11. a3 Qc8 12. Re1 Bxh3 13. e4 Bxg2 14. Kxg2 a6 15. f4 Ng4 16. Qe2 h5 17. Nf3 Nb3 18. Rb1 Nd4 19. Nxd4 cxd4 20. Nd1 b5 21. cxb5 axb5 22. Qxb5 Qc2+ 23. Qe2 Qxb1 24.
b4 d3 25. Qd2 Qc2 0-1

[Event "Late-Titled-Tuesday-Blitz-February-13-2024"]
[Site "Chess.com"]
[Date "2024.02.13"]
[Round "6"]
[White "Bala-Afiada"]
[Black "agvega14"]
[Result "0-1"]
[WhiteElo "2027"]
[BlackElo "2192"]
[TimeControl "180+1"]
[EndTime "15:04:07 PST"]
[Termination "agvega14 won by resignation"]

1. d4 d5 2. c4 e6 3. Nf3 Nf6 4. Qc2 Be7 5. g3 O-O 6. Bg2 dxc4 7. Qxc4 a6 8. O-O b5 9. Qc2 Bb7 10. Nc3 Nbd7 11. a3 Rc8 12. e4 Nb6 13. e5 Nfd5 14.
Ne4 Nd7 15. b4 h6 16. Nc5 Nxc5 17. dxc5 c6 18. Bb2 a5 19. Qe4 Qc7 20. Rfd1 Rcd8 21. h4 Bc8 22. g4 Rd7 23. g5 h5 24. g6 fxg6 25. Qxg6 Nf4 26. Qe4 Rd5 27. Qxf4 Rxf4 0-1

[Event "Late-Titled-Tuesday-Blitz-February-13-2024"]
[Site "Chess.com"]
[Date "2024.02.13"]
[Round "6"]
[White "KaydenTroffChess"]
[Black "SCIM"]
[Result "1-0"]
[WhiteElo "2836"]
[BlackElo "2590"]
[TimeControl "180+1"]
[EndTime "15:04:13 PST"]
[Termination "KaydenTroffChess won by resignation"]

1. d4 Nf6 2. Nf3 c5 3. dxc5 e6 4.
Be3 Na6 5. g3 Nxc5 6. Bg2 d5 7.
O-O Be7 8. Nbd2 O-O 9. c4 Bd7 10. Ne5 Bc6 11. Rc1 d4 12. Nxc6 bxc6 13. Bf4 Rc8 14.
Nf3 d3 15. Ne5 dxe2 16. Qxe2 Qb6 17. b4 Ncd7 18. c5 Qb7 19. Nxc6 Rxc6 20. b5 Nxc5 21. bxc6 Qc8 22. Qb5 Nce4 23. Qb7 1-0

[Event "Late-Titled-Tuesday-Blitz-February-13-2024"]
[Site "Chess.com"]
[Date "2024.02.13"]
[Round "6"]
[White "VitaliyBernadskiy"]
[Black "rhungaski"]
[Result "1-0"]
[WhiteElo "2883"]
[BlackElo "2556"]
[TimeControl "180+1"]
[EndTime "15:04:24 PST"]
[Termination "VitaliyBernadskiy won by resignation"]

1. Nf3 g6 2. g3 Bg7 3. Bg2 d6 4. O-O Nf6 5. Nc3 O-O 6. e4 c5 7. d3 Nc6 8. a4 Bg4 9. h3 Bxf3 10. Bxf3 Nd7 11. Bg2 a6 12. f4 Rb8 13. f5 e6 14. h4 Nde5 15. Bg5 Qb6 16. f6 Bh8 17. Qc1 Nd4 18. Kh1 h5 19. a5 Qd8 20. Bh3 Kh7 21. Qd1 Rc8 22. Ne2 Ndf3 23. Nf4 Nxg5 24. hxg5 d5 25.
exd5 exd5 26. Nxh5 gxh5 27. Qxh5+ Kg8 28. Bf5 1-0

[Event "Late-Titled-Tuesday-Blitz-February-13-2024"]
[Site "Chess.com"]
[Date "2024.02.13"]
[Round "6"]
[White "karinachess1"]
[Black "Kostya26"]
[Result "1-0"]
[WhiteElo "2681"]
[BlackElo "2456"]
[TimeControl "180+1"]
[EndTime "15:04:25 PST"]
[Termination "karinachess1 won by resignation"]

1. d4 d5 2. c4 e6 3. Nc3 Nf6 4.
cxd5 exd5 5. Bg5 c6 6. e3 Be7 7.
Bd3 O-O 8. Qc2 h6 9. Bh4 Re8 10. Nf3 Ne4 11. Bxe7 Qxe7 12. O-O Nd7 13. a3 f5 14. b4 Ndf6 15. b5 Bd7 16. bxc6 bxc6 17. Na4 Rac8 18. Rac1 g5 19. Nc5 Nxc5 20. Qxc5 Qxc5 21.
Rxc5 Rb8 22. Ra5 Rb7 23. Ne5 Ne4 24. Rc1 Rc8 25. Ba6 Rb2 26. Nxd7 Rcb8 27. Nxb8 1-0

[Event "Late-Titled-Tuesday-Blitz-February-13-2024"]
[Site "Chess.com"]
[Date "2024.02.13"]
[Round "6"]
[White "Felix-Rose"]
[Black "wanyaland"]
[Result "0-1"]
[WhiteElo "2229"]
[BlackElo "2483"]
[TimeControl "180+1"]
[EndTime "15:04:26 PST"]
[Termination "wanyaland won by resignation"]

1. e4 e5 2. Nf3 Nc6 3. Bb5 a6 4. Ba4 Nf6 5. O-O b5 6. Bb3 Bc5 7. c3 d6 8. d4 Bb6 9. a4 Rb8 10. a5 Ba7 11. h3 h6 12. Be3 exd4 13. cxd4 O-O 14. Nbd2 Nb4 15. Qb1 Bb7 16. Re1 Re8 17. e5 Nfd5 18. exd6 Qxd6 19. Ne4 Qg6 20. Nfd2 Kh8 21.
Ra3 Nxe3 22. fxe3 Bxe4 0-1

[Event "Late-Titled-Tuesday-Blitz-February-13-2024"]
[Site "Chess.com"]
[Date "2024.02.13"]
[Round "6"]
[White "katharinareinecke"]
[Black "Nick12772"]
[Result "0-1"]
[WhiteElo "1956"]
[BlackElo "2349"]
[TimeControl "180+1"]
[EndTime "15:04:30 PST"]
[Termination "Nick12772 won by resignation"]

1. e4 e6 2. d4 d5 3. e5 c5 4.
c3 Bd7 5. Nf3 Qb6 6. Bd3 Bb5 7. dxc5 Bxc5 8. b4 Bxd3 9. bxc5 Qa6 10. Be3 Nd7 11. Nbd2 Ne7 12. Nb3 Nf5 13. Qd2 Nxe3 14. Qxe3 Bc4 15. Nfd2 Rc8 16. Nxc4 Qxc4 17.
Nd2 Qxc5 18. Qg3 Qxc3 19. O-O Qxg3 20. hxg3 Nxe5 21. Rab1 b6 22. Rfc1 O-O 23. Nb3 Nd3 24. Rxc8 Rxc8 25. Nd4 Rc1+ 26. Rxc1 Nxc1 27. Nb5 Nxa2 28.
Nxa7 Nc3 0-1

[Event "Late-Titled-Tuesday-Blitz-February-13-2024"]
[Site "Chess.com"]
[Date "2024.02.13"]
[Round "6"]
[White "Canal_Showdrez"]
[Black "ChEsper99"]
[Result "0-1"]
[WhiteElo "2055"]
[BlackElo "2196"]
[TimeControl "180+1"]
[EndTime "15:04:30 PST"]
[Termination "ChEsper99 won by resignation"]

1. d4 Nf6 2. Nf3 g6 3. e3 Bg7 4. Bd3 O-O 5. Nbd2 d5 6. b3 c6 7. Bb2 Bf5 8. Bxf5 gxf5 9. Ne5 Nbd7 10. O-O Ne4 11. f4 Nxe5 12. dxe5 e6 13. Nf3 c5 14. Ba3 Qa5 15. Bb2 Rfd8 16. c4 dxc4 17. Qc1 c3 18. Ba3 Rd3 19. Rb1 Rad8 20. b4 cxb4 21. Bxb4 Qxa2 22. Nd4 Rd2 23. Nf3 Rxg2+ 24. Kh1 Rdd2 25.
Nxd2 Rxd2 0-1

[Event "Late-Titled-Tuesday-Blitz-February-13-2024"]
[Site "Chess.com"]
[Date "2024.02.13"]
[Round "6"]
[White "StarkyNZ"]
[Black "rcmz"]
[Result "1-0"]
[WhiteElo "2342"]
[BlackElo "2161"]
[TimeControl "180+1"]
[EndTime "15:04:42 PST"]
[Termination "StarkyNZ won by resignation"]

1. c4 d6 2. Nc3 Nd7 3. g3 c6 4.
Bg2 h6 5. e4 Qc7 6. d4 g5 7. h4 gxh4 8. Rxh4 Bg7 9. Nge2 Nf8 10.
Nf4 Ng6 11. Nxg6 fxg6 12. Be3 g5 13. Rh2 Nf6 14. f3 Be6 15. d5 Bd7 16. Qd2 Qa5 17. O-O-O b5 18. dxc6 Bxc6 19. cxb5 Bxb5 20. Bd4 Rc8 21.
Kb1 Bc4 22. f4 g4 23. e5 Nd5 24. Bxd5 Bxd5 25. exd6 Bxd4 26. Qxd4 1-0

[Event "Late-Titled-Tuesday-Blitz-February-13-2024"]
[Site "Chess.com"]
[Date "2024.02.13"]
[Round "6"]
[White "AndresDelgado77"]
[Black "Perecke"]
[Result "1-0"]
[WhiteElo "2346"]
[BlackElo "2505"]
[TimeControl "180+1"]
[EndTime "15:04:51 PST"]
[Termination "AndresDelgado77 won by resignation"]

1. e4 g6 2. d4 Bg7 3. Nf3 e6 4.
Nc3 Ne7 5. h4 h5 6. Bg5 d5 7. e5 c5 8. dxc5 Nbc6 9. Nb5 O-O 10. Bf4 a6 11. Nd6 Qa5+ 12. Qd2 Qxc5 13. Bd3 Nf5 14. Bxf5 exf5 15. O-O Nxe5 16. Nxe5 Qxd6 17.
Nxf7 Qc6 18. Ne5 Qb5 19. Nxg6 Re8 20. Rfe1 Bd7 21. Ne5 Be6 22. c3 Rac8 23. Qd1 Bxe5 24. Bxe5 Bf7 25. Qd2 Kh7 26. Qg5 Bg6 27. Bd4 Rxe1+ 28.
Rxe1 Re8 29. Re7+ 1-0

[Event "Late-Titled-Tuesday-Blitz-February-13-2024"]
[Site "Chess.com"]
[Date "2024.02.13"]
[Round "6"]
[White "Rud_Makarian"]
[Black "Alexei_Gubajdullin"]
[Result "1-0"]
[WhiteElo "3030"]
[BlackElo "2636"]
[TimeControl "180+1"]
[EndTime "15:04:53 PST"]
[Termination "Rud_Makarian won by resignation"]

1. Nf3 Nf6 2. g3 g6 3. Bg2 Bg7 4. O-O O-O 5. c4 d6 6. Nc3 Nbd7 7. d3 e5 8. Rb1 a5 9. a3 h6 10. b4 axb4 11. axb4 Nh7 12. Bb2 Ng5 13. Ra1 Rb8 14. Ra7 Nf6 15. Nxg5 hxg5 16. b5 g4 17. Qc2 Nh7 18.
Nd5 Ng5 19. c5 Be6 20. c6 Nf3+ 21. exf3 Bxd5 22. fxg4 Bxg2 23. Kxg2 bxc6 24. Qxc6 Rc8 25. Rc1 Qg5 26. b6 cxb6 27. Qxc8 Rxc8 28. Rxc8+ Kh7 29.
Rxf7 Qd2 30. Rcc7 Qxb2 31. Rxg7+ Kh6 32. h4 1-0

[Event "Late-Titled-Tuesday-Blitz-February-13-2024"]
[Site "Chess.com"]
[Date "2024.02.13"]
[Round "6"]
[White "cthulhuuu"]
[Black "gahryman"]
[Result "0-1"]
[WhiteElo "2467"]
[BlackElo "2689"]
[TimeControl "180+1"]
[EndTime "15:04:54 PST"]
[Termination "gahryman won by resignation"]

1. e4 c5 2. Nf3 Nc6 3. g3 Nf6 4. d3 d5 5. Nbd2 Bg4 6. h3 Bh5 7.
Bg2 e6 8. O-O Be7 9. g4 Bg6 10.
e5 Nd7 11. Re1 h5 12. c3 hxg4 13. hxg4 Bxd3 14. c4 d4 15. Ne4 Bxe4 16. Rxe4 Qc7 17. Bf4 g5 18. Bg3 O-O-O 19. Ne1 Nf8 20. Nd3 Ng6 21.
a3 Nh4 22. Bh1 Rh7 23. b4 Rdh8 24. Bxh4 Rxh4 25. Bg2 f5 26. exf6 Rh1+ 27. Bxh1 Qh2+ 28. Kf1 Qxh1+ 29. Ke2 Qxe4+ 30. Kd2 Bxf6 31. Qe2 Qxe2+ 32. Kxe2 Ne5 33. Nxc5 d3+ 0-1

[Event "Late-Titled-Tuesday-Blitz-February-13-2024"]
[Site "Chess.com"]
[Date "2024.02.13"]
[Round "6"]
[White "ValeriyGrinev"]
[Black "NitaLucian"]
[Result "0-1"]
[WhiteElo "2512"]
[BlackElo "2369"]
[TimeControl "180+1"]
[EndTime "15:05:00 PST"]
[Termination "NitaLucian won by resignation"]

1. e4 d6 2. d4 Nf6 3. Nc3 e5 4.
Nf3 Nbd7 5. g4 Nxg4 6. Rg1 Ngf6 7. Bc4 h6 8. Be3 c6 9. Qd3 Qc7 10. dxe5 Nxe5 11. Nxe5 dxe5 12. O-O-O Bg4 13. f3 Bxf3 14.
Rdf1 Rd8 15. Nb5 Qa5 16. Bd2 Qxd2+ 17. Qxd2 Rxd2 18. Kxd2 Bxe4 19. Nc3 Bg6 20. Re1 Bd6 21. Bd3 Bh5 22. Rxg7 Kf8 23. Rgg1 Nd5 24. Ne4 Be7 25.
Ng3 Bg5+ 26. Re3 Bxe3+ 27. Ke1 Bxg1 28. Nxh5 Ke7 29. h3 Rg8 30. Kf1 Nf4 0-1

[Event "Late-Titled-Tuesday-Blitz-February-13-2024"]
[Site "Chess.com"]
[Date "2024.02.13"]
[Round "6"]
[White "HajiyevKanan"]
[Black "Helenita13"]
[Result "1-0"]
[WhiteElo "2475"]
[BlackElo "2322"]
[TimeControl "180+1"]
[EndTime "15:05:02 PST"]
[Termination "HajiyevKanan won by checkmate"]

1. d4 Nf6 2. Nf3 e6 3. c4 Bb4+ 4. Nc3 O-O 5. Qb3 Bxc3+ 6. Qxc3 d5 7. cxd5 exd5 8. Bg5 c6 9. e3 Bg4 10. Ne5 Bf5 11.
g4 Bg6 12. h4 h6 13. h5 Bh7 14. Bh4 Nbd7 15. Be2 Re8 16. g5 hxg5 17. Bxg5 Nxe5 18.
dxe5 Ne4 19. Bxd8 Nxc3 20. bxc3 Raxd8 21. f4 Be4 22. Rg1 Kh7 23. Kd2 c5 24. Bd3 b6 25.
a4 Re6 26. Rg5 f6 27. exf6 Rxf6 28. Rag1 Rd7 29. Re5 Kh6 30. Rgg5 Bf3 31. Bg6 d4 32. Re8 dxc3+ 33. Kxc3 Rxg6 34. Rh8# 1-0

[Event "Late-Titled-Tuesday-Blitz-February-13-2024"]
[Site "Chess.com"]
[Date "2024.02.13"]
[Round "6"]
[White "Dubs123"]
[Black "YurasovMat-2012"]
[Result "0-1"]
[WhiteElo "2350"]
[BlackElo "2658"]
[TimeControl "180+1"]
[EndTime "15:05:08 PST"]
[Termination "YurasovMat-2012 won by checkmate"]

1. c4 c6 2. d4 d5 3. Nc3 Nf6 4.
cxd5 cxd5 5. Bf4 Nc6 6. e3 Bf5 7. Be2 e6 8. Rc1 Bd6 9. Bxd6 Qxd6 10. f4 O-O 11. Nf3 Nd7 12. O-O h6 13. a3 a6 14.
Na4 Rac8 15. Qd2 Nf6 16. Nc5 Rc7 17. Ne5 Ne7 18. g4 Ne4 19. Nxe4 Bxe4 20. Rxc7 Qxc7 21. Rc1 Qd8 22. Nd3 b6 23. Nf2 f5 24. Bxa6 g5 25.
Nxe4 fxe4 26. fxg5 Ng6 27. gxh6 Qg5 28. Qe2 Nh4 29. Rc8 Nf3+ 30. Kh1 Rxc8 31. Bxc8 Qxh6 32.
Qg2 Qxe3 33. Bxe6+ Kg7 34. Qf1 Qd2 35. Qh3 Qe1+ 36.
Kg2 Qg1# 0-1

[Event "Late-Titled-Tuesday-Blitz-February-13-2024"]
[Site "Chess.com"]
[Date "2024.02.13"]
[Round "6"]
[White "LUISMIGUELOV"]
[Black "LogoCzar"]
[Result "0-1"]
[WhiteElo "2186"]
[BlackElo "2396"]
[TimeControl "180+1"]
[EndTime "15:05:12 PST"]
[Termination "LogoCzar won on time"]

1. d4 d5 2. c3 Nf6 3. Bg5 Ne4 4. h4 c5 5. dxc5 Nc6 6. Be3 e5 7. Nd2 Nxc5 8. Ngf3 d4 9. cxd4 exd4 10. Bg5 f6 11. Bf4 Qe7 12. Nb3 Nxb3 13. Qxb3 Qe4 14. Bg3 Bg4 15.
Nd2 Bb4 16. Qxb4 Nxb4 17. Nxe4 Nc2+ 18. Kd2 Nxa1 19. f3 Be6 20. b3 a5 21. e3 dxe3+ 22.
Kxe3 Nxb3 23. Bb5+ Kf7 24. Nd6+ Ke7 25. axb3 Bxb3 26.
Re1 a4 27. Kf2+ Kf8 28. Nxb7 g6 29. h5 Rc8 0-1

[Event "Late-Titled-Tuesday-Blitz-February-13-2024"]
[Site "Chess.com"]
[Date "2024.02.13"]
[Round "6"]
[White "elchacal664"]
[Black "ritanovikova"]
[Result "1-0"]
[WhiteElo "2400"]
[BlackElo "2217"]
[TimeControl "180+1"]
[EndTime "15:05:12 PST"]
[Termination "elchacal664 won by checkmate"]

1. e4 d5 2. Nf3 dxe4 3. Ng5 Nf6 4. Bc4 e6 5. Nc3 Qd4 6. Qe2 h6 7. Ngxe4 Nxe4 8. Nxe4 Nc6 9. c3 Qe5 10. d4 Qa5 11. b4 Bxb4 12. cxb4 Qxb4+ 13. Bd2 Qb2 14. Bc3 Qb6 15. O-O Nxd4 16. Qg4 O-O 17. Nf6+ Kh8 18. Bxd4 e5 19. Bxb6 Bxg4 20. Nxg4 axb6 21. Nxe5 Rfe8 22.
Nxf7+ Kh7 23. Rfe1 Rf8 24. Re7 c6 25. h4 b5 26. Bb3 c5 27. h5 c4 28. Bc2+ Kg8 29. Bg6 Rfb8 30. Ne5 b4 31. Nxc4 b3 32. Re2 b5 33.
Nd6 b4 34. Bf7+ Kf8 35. Bxb3 Ra3 36. Nc4 Ra7 37. Ne5 Rba8 38. Ng6# 1-0

[Event "Late-Titled-Tuesday-Blitz-February-13-2024"]
[Site "Chess.com"]
[Date "2024.02.13"]
[Round "6"]
[White "martinmena"]
[Black "szachmistrz2500"]
[Result "1-0"]
[WhiteElo "2173"]
[BlackElo "2447"]
[TimeControl "180+1"]
[EndTime "15:05:15 PST"]
[Termination "martinmena won by checkmate"]

1. c4 c5 2. Nc3 g6 3. g3 Bg7 4. Bg2 Nc6 5. e4 e6 6. Nge2 Nge7 7. O-O a6 8. d3 Rb8 9. Be3 Nd4 10. a4 Nec6 11. f4 d6 12. h3 O-O 13. g4 f5 14.
exf5 gxf5 15. Ng3 Bd7 16. gxf5 Nxf5 17. Nxf5 Rxf5 18. Be4 Rf6 19. Kh2 Rh6 20. Rg1 Kh8 21. Qg4 Qf6 22. Rg2 Rh4 23. Qg3 Bh6 24. Rag1 Bxf4 25.
Bxf4 Qxf4 26. Qxf4 Rxf4 27. Rg7 Rxe4 28. Nxe4 Ne5 29.
Nf6 Nf3+ 30. Kh1 Nxg1 31. Rxh7# 1-0

[Event "Late-Titled-Tuesday-Blitz-February-13-2024"]
[Site "Chess.com"]
[Date "2024.02.13"]
[Round "6"]
[White "Kotlyar_K"]
[Black "johnmez"]
[Result "1-0"]
[WhiteElo "2516"]
[BlackElo "2290"]
[TimeControl "180+1"]
[EndTime "15:05:16 PST"]
[Termination "Kotlyar_K won by resignation"]

1. d4 Nf6 2. c4 c5 3. d5 e6 4. Nc3 exd5 5. cxd5 d6 6. Nf3 g6 7. Nd2 Bg7 8. e4 O-O 9. Be2 Na6 10. O-O Nc7 11. a4 Rb8 12. Nc4 a6 13. Bf4 Nfe8 14. a5 f5 15. e5 Nb5 16. Nxb5 axb5 17. Nxd6 Nxd6 18. exd6 g5 19. Be3 Qxd6 20. Bxg5 Bxb2 21. Bxb5 Bxa1 22. Qxa1 f4 23. Re1 Qg6 24. Qe5 f3 25. d6 fxg2 26. Bc4+ Rf7 1-0

[Event "Late-Titled-Tuesday-Blitz-February-13-2024"]
[Site "Chess.com"]
[Date "2024.02.13"]
[Round "6"]
[White "saikrishnaReturns"]
[Black "ViIIagra"]
[Result "1-0"]
[WhiteElo "2789"]
[BlackElo "2943"]
[TimeControl "180+1"]
[EndTime "15:05:21 PST"]
[Termination "saikrishnaReturns won by resignation"]

1. Nf3 b6 2. g3 Bb7 3. Bg2 e5 4. d3 Bd6 5. O-O Nc6 6. Nbd2 Nf6 7. e4 Qe7 8. Nh4 Bc5 9. Nf5 Qf8 10. Nb3 h6 11. Nxc5 bxc5 12. c3 g6 13. Ne3 h5 14. h4 Qd6 15. f4 Ba6 16. Nd5 Ng4 17.
Bf3 O-O-O 18. Qa4 Bxd3 19. Rd1 c4 20. b4 Kb7 21. Ba3 Nb8 22. b5 c5 23. bxc6+ Qxc6 24. Rab1+ Bxb1 25. Rxb1+ 1-0

[Event "Late-Titled-Tuesday-Blitz-February-13-2024"]
[Site "Chess.com"]
[Date "2024.02.13"]
[Round "6"]
[White "Doudou2015"]
[Black "Cristi_Coca"]
[Result "0-1"]
[WhiteElo "2187"]
[BlackElo "2374"]
[TimeControl "180+1"]
[EndTime "15:05:25 PST"]
[Termination "Cristi_Coca won on time"]

1. b3 a5 2. a3 Nf6 3. Bb2 e6 4. e3 d5 5. f4 Be7 6. Nf3 a4 7. b4 c5 8. bxc5 Bxc5 9. Bd3 Nc6 10. Nc3 d4 11. exd4 Nxd4 12. Nb5 Nxb5 13. Bxb5+ Bd7 14. Bxd7+ Qxd7 15. Bxf6 gxf6 16. d4 Bd6 17. g3 Qb5 18. Rb1 Qa5+ 19. Kf2 Bxa3 20. Rxb7 Bd6 21. c4 Qa6 22. Qb1 Qxc4 23. Rc1 Qd5 24. Rc5 Bxc5 25. Qb5+ Kf8 26. dxc5 Kg7 0-1

[Event "Late-Titled-Tuesday-Blitz-February-13-2024"]
[Site "Chess.com"]
[Date "2024.02.13"]
[Round "6"]
[White "Viktor_Poddubnyi"]
[Black "ninguno46"]
[Result "1/2-1/2"]
[WhiteElo "2278"]
[BlackElo "2493"]
[TimeControl "180+1"]
[EndTime "15:05:30 PST"]
[Termination "Game drawn by repetition"]

1. e4 c5 2. Nf3 Nc6 3. d4 cxd4 4. Nxd4 g6 5. c4 Nf6 6. Nc3 d6 7. Be2 Nxd4 8. Qxd4 Bg7 9. Bg5 O-O 10. Qd2 a5 11. O-O a4 12. Rad1 Qa5 13. Bxf6 Bxf6 14. Nd5 Qxd2 15. Nxf6+ Kg7 16. Nh5+ gxh5 17. Rxd2 h4 18.
f4 f5 19. Bf3 Ra5 20. Re1 Kf6 21. Kf2 fxe4 22. Bxe4 Rc5 23. b3 axb3 24. axb3 b5 25. Rd5 bxc4 26. Rxc5 dxc5 27. bxc4 Be6 28. Bxh7 Rd8 29.
Be4 Bxc4 30. Rc1 Rd4 31. Ke3 e5 32. fxe5+ Kxe5 33. Bf3 Rd3+ 34. Kf2 Rd2+ 35. Ke3 Rd3+ 36. Kf2 Rd2+ 37. Ke3 Rd3+ 1/2-1/2

[Event "Late-Titled-Tuesday-Blitz-February-13-2024"]
[Site "Chess.com"]
[Date "2024.02.13"]
[Round "6"]
[White "HaryKane"]
[Black "Kosak12"]
[Result "0-1"]
[WhiteElo "2599"]
[BlackElo "2846"]
[TimeControl "180+1"]
[EndTime "15:05:31 PST"]
[Termination "Kosak12 won by resignation"]

1. d4 d5 2. Nf3 Nf6 3. c4 e6 4.
e3 Bb4+ 5. Nbd2 O-O 6. a3 Bxd2+ 7. Bxd2 b6 8. cxd5 Qxd5 9. Rc1 c5 10. dxc5 bxc5 11.
Bc4 Qd6 12. O-O Bb7 13. Bc3 Qe7 14. b4 Ne4 15. bxc5 Nxc3 16. Rxc3 Qxc5 17. Qc2 Bxf3 18.
gxf3 Nd7 19. Bxe6 Qg5+ 20. Bg4 f5 21. h4 Qxh4 22. Bxf5 Qg5+ 23. Bg4 h5 24. Qb3+ Kh8 25. Kg2 Rxf3 26. Rc4 Raf8 27. Rd4 Ne5 28. Rh1 Rxf2+ 0-1

[Event "Late-Titled-Tuesday-Blitz-February-13-2024"]
[Site "Chess.com"]
[Date "2024.02.13"]
[Round "6"]
[White "SpeedofLight0"]
[Black "mbojan"]
[Result "1-0"]
[WhiteElo "3045"]
[BlackElo "2851"]
[TimeControl "180+1"]
[EndTime "15:05:32 PST"]
[Termination "SpeedofLight0 won by resignation"]

1. d4 a6 2. e4 e6 3. c4 d5 4. Nc3 dxe4 5. Nxe4 Bb4+ 6. Bd2 Qxd4 7. Bxb4 Qxe4+ 8. Be2 Nc6 9. Bc3 Nf6 10. Nf3 e5 11.
O-O Bg4 12. Re1 O-O 13. Nxe5 Nxe5 14. Bxg4 Qxg4 15. Bxe5 Qxd1 16. Raxd1 c6 17. Bxf6 gxf6 18. Rd7 Rfe8 19. Kf1 Rxe1+ 20. Kxe1 b5 21. c5 Re8+ 22. Kd2 Re5 23. b4 Re4 24. a3 a5 25. Kc3 axb4+ 26.
axb4 Re6 27. g4 Kf8 28. f4 Ke8 29. Rc7 f5 30. gxf5 Rf6 31. Kd4 Kd8 32. Ke5 Rh6 33. Rxf7 Rxh2 1-0

[Event "Late-Titled-Tuesday-Blitz-February-13-2024"]
[Site "Chess.com"]
[Date "2024.02.13"]
[Round "6"]
[White "MusicCityMaster"]
[Black "OneTrickPony_82"]
[Result "1-0"]
[WhiteElo "2469"]
[BlackElo "2565"]
[TimeControl "180+1"]
[EndTime "15:05:33 PST"]
[Termination "MusicCityMaster won by checkmate"]

1. d4 Nf6 2. c4 e6 3. Nf3 d5 4. Nc3 c5 5. e3 a6 6. Bd3 dxc4 7.
Bxc4 b5 8. Bd3 Bb7 9. dxc5 Bxc5 10. Qe2 O-O 11. O-O Nbd7 12. b3 Qc7 13. Bb2 Ng4 14. Ne4 f5 15. Ng3 Rad8 16. Rac1 Qb8 17. h3 Nxe3 18. Rfe1 Rfe8 19. Nh5 e5 20. fxe3 g6 21. Ng5 e4 22. Bb1 Bb6 23. Red1 Qa7 24. Rxd7 Bxe3+ 25. Kh1 gxh5 26. Rg7+ Kf8 27. Nxh7# 1-0

[Event "Late-Titled-Tuesday-Blitz-February-13-2024"]
[Site "Chess.com"]
[Date "2024.02.13"]
[Round "6"]
[White "akanga001"]
[Black "gunslinger222"]
[Result "1/2-1/2"]
[WhiteElo "2024"]
[BlackElo "2249"]
[TimeControl "180+1"]
[EndTime "15:05:36 PST"]
[Termination "Game drawn by repetition"]

1. d4 d5 2. c4 e5 3. dxe5 d4 4. Nf3 Bb4+ 5. Bd2 Nc6 6. a3 Bxd2+ 7. Nbxd2 Nge7 8. g3 Ng6 9. Bg2 Ngxe5 10. O-O h5 11. h3 h4 12. g4 Nxg4 13. hxg4 h3 14. Bh1 h2+ 15. Nxh2 Qh4 16. Ndf3 Qh3 17. Qd3 f5 18.
Rfe1 Ne5 19. Qxd4 Nxg4 20. Qf4 Nxh2 21. Nxh2 g5 22. Qe5+ Kf7 23. Bd5+ Kg6 24. Qxc7 f4 25. Qf7+ Kh6 26. Qf6+ Kh7 27. Be4+ Kg8 28. Bd5+ Kh7 29. Be4+ Kg8 30. Bd5+ Kh7 1/2-1/2

[Event "Late-Titled-Tuesday-Blitz-February-13-2024"]
[Site "Chess.com"]
[Date "2024.02.13"]
[Round "6"]
[White "el008"]
[Black "MyDream003"]
[Result "0-1"]
[WhiteElo "2555"]
[BlackElo "2752"]
[TimeControl "180+1"]
[EndTime "15:05:38 PST"]
[Termination "MyDream003 won by resignation"]

1. Nf3 d5 2. b3 c6 3. Bb2 Nf6 4. g3 Bf5 5. Bg2 h6 6. O-O e6 7. c4 Nbd7 8. Nc3 Bh7 9. d3 Be7 10. cxd5 exd5 11. Re1 O-O 12. Rc1 Re8 13. a3 a5 14. Nd2 Bc5 15. h3 Qe7 16. Ra1 Ne5 17. Nf3 Bxf2+ 18. Kxf2 Neg4+ 19. hxg4 Qe3+ 20. Kf1 Nxg4 21. Ne4 dxe4 22. Bd4 exf3 23. Bxf3 Qxd4 24. Bxg4 Qxg4 25.
Kf2 Re6 26. e4 Qh3 27. Rg1 Rf6+ 28. Ke3 Re8 29. Kd4 Rd6+ 30. Kc5 Qd7 31. d4 Bxe4 32. Kc4 Bg6 33. Rf1 Re3 34. a4 b6 35. d5 Rxd5 0-1

[Event "Late-Titled-Tuesday-Blitz-February-13-2024"]
[Site "Chess.com"]
[Date "2024.02.13"]
[Round "6"]
[White "BardArtem"]
[Black "zverr1"]
[Result "1-0"]
[WhiteElo "2766"]
[BlackElo "2558"]
[TimeControl "180+1"]
[EndTime "15:05:39 PST"]
[Termination "BardArtem won by checkmate"]

1. e4 c5 2. c3 g6 3. d4 cxd4 4. cxd4 d5 5. exd5 Nf6 6. Bb5+ Bd7 7. Bc4 b5 8. Bb3 a5 9. a3 Bc8 10. Nc3 a4 11. Ba2 Qd7 12. Nf3 Bb7 13. O-O Nxd5 14.
Ne5 Qd8 15. Qf3 f6 16. Bxd5 Bxd5 17. Qxd5 Qxd5 18. Nxd5 fxe5 19. Nc7+ Kd7 20. Nxa8 Kc6 21. dxe5 Kb7 22. Rd1 Bg7 23. Rd5 Kxa8 24. Rxb5 Nc6 25.
Be3 Rd8 26. Rc1 Nxe5 27. Kf1 Rb8 28. Ra5+ Kb7 29. Ra7# 1-0

[Event "Late-Titled-Tuesday-Blitz-February-13-2024"]
[Site "Chess.com"]
[Date "2024.02.13"]
[Round "6"]
[White "yuki_chess123"]
[Black "shirovin"]
[Result "0-1"]
[WhiteElo "2200"]
[BlackElo "2105"]
[TimeControl "180+1"]
[EndTime "15:05:39 PST"]
[Termination "shirovin won by resignation"]

1. Nf3 Nf6 2. d4 g6 3. c4 Bg7 4. Nc3 d5 5. e4 dxe4 6. Ng5 O-O 7.
Be3 Ng4 8. Ngxe4 Nxe3 9. fxe3 e5 10. d5 Qh4+ 11. g3 Qe7 12. Qb3 Na6 13. Be2 f5 14. d6 Qe8 15. c5+ Kh8 16. Bxa6 bxa6 17.
Nf2 Be6 18. Qa3 f4 19. e4 fxg3 20. hxg3 Rf3 21. Ke2 Qf7 22. Raf1 Bc4+ 23. Ke1 Bxf1 24. Rxf1 Rf8 25. Ncd1 Rxa3 0-1

[Event "Late-Titled-Tuesday-Blitz-February-13-2024"]
[Site "Chess.com"]
[Date "2024.02.13"]
[Round "6"]
[White "annasargsyan_m"]
[Black "Rodalquilar"]
[Result "1-0"]
[WhiteElo "2586"]
[BlackElo "2761"]
[TimeControl "180+1"]
[EndTime "15:05:40 PST"]
[Termination "annasargsyan_m won on time"]

1. d4 d5 2. c4 e6 3. Nc3 a6 4. cxd5 exd5 5. Nf3 Nf6 6. Qb3 c6 7. Bg5 Be7 8. e3 O-O 9. Bd3 a5 10. Ne5 Nbd7 11. f4 Nxe5 12. fxe5 Ng4 13. Bf4 Bg5 14. Nd1 Bxf4 15. exf4 f6 16. h3 Nh6 17. O-O fxe5 18. dxe5 Qh4 19. Ne3 Kh8 20. Rf3 Rxf4 21. g3 Qxh3 22.
Rxf4 Qxg3+ 23. Ng2 Bg4 24. Bf1 Qh4 25. Nxh4 1-0